 Dungeon Crawl Stone Soup version 0.31-a0-232-gb1c03b2570 (webtiles) character file.

Game seed: 9435471305732556149

8 qw the Shooter (level 2, 0/23 HPs)
             Began as a Minotaur Hexslinger on July 7, 2023.
             Slain by a frilled lizard (1 damage)
             ... on level 1 of the Dungeon.
             The game lasted 00:00:05 (385 turns).

qw the Shooter (Minotaur Hexslinger)                 Turns: 385, Time: 00:00:06

Health: 0/23       AC:  2    Str: 12    XL:     2   Next: 0%
Magic:  2/2        EV: 12    Int: 10    God:
Gold:   0          SH:  0    Dex: 12    Spells: 2/3 levels left

rFire   . . .        a - +1 sling
rCold   . . .        (no shield)
rNeg    . . .        c - +0 robe
rPois   .            (helmet restricted)
rElec   .            (no cloak)
rCorr   .            (no gloves)
SInv    .            (no boots)
Will    .....        (no amulet)
Stlth   +            (no ring)
HPRegen 0.23/turn    (no ring)
MPRegen 0.08/turn

%: no passive effects
@: no status effects
A: horns 2, retaliatory headbutt
a: no special abilities


You were on level 1 of the Dungeon.
You visited 1 branch of the dungeon, and saw 1 of its levels.


Innate Abilities, Weirdness & Mutations

You have a pair of horns on your head.
You reflexively headbutt those who attack you in melee.


   Skills:
 + Level 1.2 Fighting
 - Level 3.1 Ranged Weapons
 - Level 2.1 Dodging
 - Level 1.0 Spellcasting
 - Level 2.0 Hexes


You had 2 spell levels left.
You knew the following spells:

 Your Spells              Type           Power      Damage    Failure   Level
a - Slow                  Hex            16%        N/A       16%         1

Your spell library contained the following spells:

 Spells                   Type           Power      Damage    Failure   Level
 Inner Flame              Hex/Fire       2%         N/A       56%         3
 Portal Projectile        Hex/Tloc       4%         N/A       56%         3
 Cause Fear               Hex            2%         N/A       83%         4

Inventory:

Hand Weapons
 a - a +1 sling (weapon)
Armour
 c - a +0 robe (worn)
 f - a +0 ring mail
Scrolls
 b - a scroll of poison
 d - a scroll of brand weapon {unknown}
 e - a scroll of fear {unknown}
Potions
 g - a potion of degeneration {unknown}
 h - a potion of heal wounds {unknown}

Dungeon Overview and Level Annotations

Branches:
Dungeon (1/15)

Altars:


Message History

The quokka is almost dead.
The quokka barely misses you. You furiously retaliate!
You headbutt the quokka!
You kill the quokka!
You shoot a sling bullet. The sling bullet hits the ball python.
You kill the ball python!
h - a black potion
Enter note: You see here a ball python corpse.
A hobgoblin and a frilled lizard come into view.
The hobgoblin shouts!
The frilled lizard hisses angrily.
The frilled lizard moves out of view.
Enter note:
Enter note: You shoot a sling bullet.
The sling bullet barely misses the hobgoblin.
The hobgoblin completely misses you.
Enter note:
Enter note: You shoot a sling bullet.
The sling bullet barely misses the hobgoblin.
The frilled lizard barely misses you. The hobgoblin hits you.
You shoot a sling bullet. The sling bullet hits the hobgoblin.
The hobgoblin is severely wounded.
The frilled lizard bites you but does no damage.
The hobgoblin hits you. x2; The frilled lizard bites you.
You shoot a sling bullet. The sling bullet hits the hobgoblin.
You kill the hobgoblin!
The frilled lizard closely misses you.
Your Ranged Weapons skill increases to level 3!
You have reached level 2!
You shoot a sling bullet.
The sling bullet misses the frilled lizard.
The frilled lizard bites you.
You shoot a sling bullet.
The sling bullet misses the frilled lizard.
The frilled lizard bites you but does no damage.
You shoot a sling bullet.
The sling bullet closely misses the frilled lizard.
The frilled lizard bites you. x2
You die...

.#
##.#.#.##
##...##
##.## ###
#.#
##.###.#
##
###...##.#
.+
......#.#
##
#.l.##.#
#@###.#
##....#
#.#### #.#
#.# #.#
#.# #.#
#.#


You could see a frilled lizard.

Vanquished Creatures
  2 ball pythons (D:1)
  2 hobgoblins (D:1)
  A kobold (D:1)
  A quokka (D:1)
6 creatures vanquished.

Notes
Turn   | Place    | Note
-------+----------+-------------------------------------------
     0 | D:1      | qw the Minotaur Hexslinger began the quest for the Orb.
     0 | D:1      | Reached XP level 1. HP: 16/16 MP: 1/1
     0 | D:1      | 0 ||| qw: Version: 0.3-a-46-gb1f654a
     0 | D:1      | 0 ||| qw: Game counter: 2961
     0 | D:1      | 0 ||| qw: Melee chars always use a shield: true
     0 | D:1      | 0 ||| qw: God list: Okawaru
     0 | D:1      | 0 ||| qw: Allow faded altars: false
     0 | D:1      | 0 ||| qw: Do Orc after clearing Dungeon:15 true
     0 | D:1      | 0 ||| qw: Do second Lair branch before Depths: true
     0 | D:1      | 0 ||| qw: Lair rune preference: random
     0 | D:1      | 0 ||| qw: Goals: Normal
     0 | D:1      | 0 ||| PLANNING D:1-11
   381 | D:1      | HP: 3/16 [frilled lizard (3)]
   383 | D:1      | Reached skill level 3 in Ranged Weapons
   383 | D:1      | Reached XP level 2. HP: 5/23 MP: 2/2
   385 | D:1      | HP: 1/23 [frilled lizard (2)]
   385 | D:1      | Slain by a frilled lizard

Levels and vault maps discovered:
D:1:      nagdon_arrival_double_spiral, layout_loops_corners,
          nicolae_concentric_dashed_squares_mild, minmay_misc_feat_chi,
          minmay_tiny_reverse_x

Skill      XL: |  1 |
---------------+----+-----
Ranged Weapons | 3 |  3.1
Fighting       | |  1.2
Dodging        | |  2.1
Spellcasting   | |  1.0
Hexes          | |  2.0

Action                     || total
---------------------------++-------
   Fire: Sling             ||    26
 Armour: Robe              ||     4
  Dodge: Dodged            ||     8

Table legend:
 A = Non-vault XP
 B = Vault XP
 C = Vault XP percentage of total XP
 D = Non-vault monster count
 E = Vault monster count
 F = Vault count percentage of total count
                 A         B        C        D         E       F
            +---------+---------+-------+---------+---------+-------
      Total |      12 |       0 |   0.0 |       6 |       0 |   0.0
            +---------+---------+-------+---------+---------+-------
        D:1 |      12 |       0 |   0.0 |       6 |       0 |   0.0
            +---------+---------+-------+---------+---------+-------
